 Dungeon Crawl Stone Soup version 0.30-a0-377-g5cb311bc9f (webtiles) character file.

Game seed: 11618674973580660668

1605 qeuew the Shield-Bearer (level 9, -8/68 HPs)
             Began as a Formicid Fighter on Nov 28, 2022.
             Was an Elder of Qazlal.
             Killed by divine providence
             ... invoked by an orc priest
              (12 damage)
             ... on level 5 of the Dungeon.
             The game lasted 00:06:09 (3677 turns).

qeuew the Shield-Bearer (Formicid Fighter)          Turns: 3677, Time: 00:06:10

Health: -8/68      AC: 26    Str: 22    XL:     9   Next: 16%
Magic:  13/13      EV: 11    Int:  9    God:    Qazlal [****..]
Gold:   268        SH: 12    Dex: 15    Spells: 8/8 levels left

rFire   + . .      SeeInvis +    a - +0 war axe
rCold   + . .      Faith    .    c - +1 buckler
rNeg    . . .      Spirit   .    f - +5 scale mail of Spite {-Tele +Inv rElec rF+}
rPois   +          Reflect  .    (helmet unavailable)
rElec   +          Harm     .    n - +1 cloak {Stlth+}
rCorr   .          Rampage  .    b - +2 pair of gloves
Will    .....                    (no boots)
Stlth   +.........               (no amulet)
HPRegen 0.31/turn                h - +4 ring of protection
MPRegen 0.13/turn                k - ring of poison resistance

@: repel missiles
A: permanent stasis, dig shafts and tunnels, antennae 3, four strong arms,
iridescent scales 2, cold resistance 1
a: Dig, Shaft Self, Renounce Religion, Evoke Invisibility, Upheaval, Elemental
Force


You were on level 5 of the Dungeon.
You worshipped Qazlal.
Qazlal was greatly pleased with you.
You visited 1 branch of the dungeon, and saw 5 of its levels.
You also visited: Sewer.

You collected 268 gold pieces.

Inventory:

Hand Weapons
 a - a +0 war axe (weapon)
Armour
 b - a +2 pair of gloves (worn)
 c - a +1 buckler (worn)
 f - the +5 scale mail of Spite (worn) {-Tele +Inv rElec rF+}
   (You found it in a sewer)

   rF:        It protects you from fire.
   rElec:     It insulates you from electricity.
   +Inv:      It lets you turn invisible.
   -Tele:     It prevents most forms of teleportation.
 n - a +1 cloak of stealth (worn)
Jewellery
 h - a +4 ring of protection (left hand)
 k - a ring of poison resistance (right hand)
Wands
 l - a wand of flame (32)
Scrolls
 e - a scroll of summoning
 g - a scroll of poison
 j - a scroll of fear
 m - a scroll of magic mapping
 o - a scroll of torment {unknown}
Potions
 d - a potion of curing
 i - 3 potions of flight
 s - a potion of cancellation
 t - a potion of mutation


   Skills:
 + Level 5.4 Fighting
 + Level 4.3 Axes
 + Level 5.5 Armour
 + Level 3.3 Dodging
 + Level 6.7 Shields
 * Level 6.2 Invocations
 + Level 3.2 Evocations


You had 8 spell levels left.
You didn't know any spells.
Your spell library contained the following spells:

 Spells                   Type           Power      Damage    Failure   Level
 Summon Small Mammal      Summ           0%         N/A       75%         1
 Call Canine Familiar     Summ           0%         N/A       98%         3
 Ozocubu's Armour         Ice            0%         N/A       98%         3
 Summon Guardian Golem    Hex/Summ       0%         N/A       98%         3
 Metabolic Englaciation   Hex/Ice        0%         N/A       100%        5
 Simulacrum               Ice/Necr       0%         N/A       100%        6


Dungeon Overview and Level Annotations

Branches:
Dungeon (5/15)             Temple (0/1) D:4           Sewer (visited)

Altars:
Elyvilon
Qazlal
Ru

Shops:
D:4 ?


Innate Abilities, Weirdness & Mutations

You cannot be hasted, slowed, berserked, paralysed or teleported.
You can dig through walls and to a lower floor.
You have a pair of large antennae on your head. (SInv)
Your four strong arms can wield two-handed weapons with a shield.
You are mostly covered in iridescent scales. (AC +4)
Your flesh is cold resistant. (rC+)


Message History

You are too injured to fight recklessly!
You are too injured to fight recklessly!
You are too injured to fight recklessly!
You are too injured to fight recklessly!
You are too injured to fight recklessly!
You are too injured to fight recklessly!
You are too injured to fight recklessly!
You are too injured to fight recklessly!
You are too injured to fight recklessly!
You are too injured to fight recklessly!
Unknown command.
You slash the orc!
You kill the orc!
Qazlal accepts your kill.
You hit the orc.
The orc is moderately wounded.
The orc priest calls down the wrath of Beogh upon you.
Beogh smites you!
* * * LOW HITPOINT WARNING * * *
The orc hits you but does no damage.
You hit the orc but do no damage.
The orc is moderately wounded.
You block the orc's attack. x2
You hit the orc.
You kill the orc!
Qazlal accepts your kill.
You slash the ogre!
The ogre is heavily wounded.
The ogre hits you with a +0 giant spiked club!!
* * * LOW HITPOINT WARNING * * *
You slash the ogre!
The ogre is almost dead.
You block the ogre's attack.
You hit the ogre.
You kill the ogre!
Qazlal accepts your kill.
You barely miss the orc priest.
The orc priest calls down the wrath of Beogh upon you.
Beogh smites you!
You die...

### ... #
... ###
#.##########
#....oo@...#
..########)#
#.# #.# #.#
##.# #..#
#.## #[#


You could see an orc priest and an orc wizard.

Vanquished Creatures
  Eustachio (D:4)
  Edmund (D:4)
  An ice beast (D:5)
  A black bear (D:3)
  An ogre (D:5)
  4 scorpions (D:5)
  2 bullfrogs (Sewer)
  2 hounds (D:5)
  2 orc priests (D:4)
  3 iguanas
  Crazy Yiuf (D:3)
  Ijyb (D:4)
  Natasha (twice) (D:3)
  3 orc wizards
  14 adders
  7 gnolls
  A white imp (D:5)
  2 ufetubi
  A worm (D:3)
  3 dart slugs
  17 orcs
  6 bats
  10 endoplasms
  8 giant cockroaches
  8 goblins
  5 hobgoblins
  6 jackals
  5 quokkas
  9 ball pythons
  18 frilled lizards
  4 kobolds
  5 rats
  A spectral hobgoblin (D:1)
155 creatures vanquished.

Notes
Turn   | Place    | Note
-------+----------+-------------------------------------------
     0 | D:1      | qeuew the Formicid Fighter began the quest for the Orb.
     0 | D:1      | Reached XP level 1. HP: 18/18 MP: 1/1
    99 | D:1      | Reached XP level 2. HP: 22/24 MP: 2/2
   270 | D:1      | Found a faded altar of an unknown god.
   326 | D:1      | Prayed at the altar of an unknown god.
   326 | D:1      | Became a worshipper of Qazlal Stormbringer
   326 | D:1      | Reached * piety under Qazlal
   464 | D:1      | Gained mutation: You are partially covered in iridescent
                  | scales. (AC +2) [potion of mutation]
   464 | D:1      | Gained mutation: Your flesh is cold resistant. (rC+)
                  | [potion of mutation]
   464 | D:1      | Gained mutation: You are mostly covered in iridescent
                  | scales. (AC +4) [potion of mutation]
   516 | D:2      | Reached XP level 3. HP: 26/29 MP: 3/3
   720 | D:2      | Reached skill level 1 in Dodging
   857 | D:2      | Reached XP level 4. HP: 37/37 MP: 4/4
  1217 | D:3      | Found a glowing drain.
  1220 | D:3      | Reached ** piety under Qazlal
  1221 | D:3      | Reached skill level 1 in Invocations
  1226 | Sewer    | Entered a sewer
  1284 | Sewer    | Reached XP level 5. HP: 42/42 MP: 4/6
  1437 | Sewer    | Noticed a bullfrog
  1438 | Sewer    | Noticed a bullfrog
  1442 | Sewer    | Killed a bullfrog
  1443 | Sewer    | Reached XP level 6. HP: 48/48 MP: 7/7
  1449 | Sewer    | Reached skill level 5 in Shields
  1454 | Sewer    | Identified the +5 scale mail of Spite {-Tele +Inv rElec
                  | rF+}
  1541 | D:3      | Noticed a black bear
  1544 | D:3      | Noticed Natasha
  1549 | D:3      | Killed Natasha
  1549 | D:3      | Killed a black bear
  1550 | D:3      | Reached XP level 7. HP: 50/55 MP: 9/9
  1616 | D:3      | Noticed Natasha
  1625 | D:3      | Killed Natasha
  1668 | D:3      | Reached skill level 1 in Evocations
  1762 | D:3      | Reached *** piety under Qazlal
  1828 | D:3      | Found a white marble altar of Elyvilon.
  1828 | D:3      | Found a sacrificial altar of Ru.
  2127 | D:3      | Found a runed translucent door.
  2128 | D:3      | Noticed Crazy Yiuf
  2138 | D:3      | Killed Crazy Yiuf
  2210 | D:4      | Noticed Edmund
  2222 | D:4      | Killed Edmund
  2407 | D:4      | Noticed Eustachio
  2421 | D:4      | Killed Eustachio
  2422 | D:4      | Reached XP level 8. HP: 31/61 MP: 11/11
  2735 | D:4      | Found a staircase to the Ecumenical Temple.
  2781 | D:4      | Found Rousexet's Magic Scroll Boutique.
  2806 | D:4      | Reached skill level 5 in Armour
  2809 | D:4      | Reached skill level 5 in Invocations
  2885 | D:4      | Noticed Ijyb
  2889 | D:4      | Killed Ijyb
  2890 | D:4      | Reached skill level 5 in Fighting
  2924 | D:4      | Reached **** piety under Qazlal
  3296 | D:5      | Entered Level 5 of the Dungeon
  3535 | D:5      | Reached XP level 9. HP: 54/68 MP: 13/13
  3674 | D:5      | HP: 2/68 [ogre/+0 giant spiked club (18)]
  3677 | D:5      | Killed from afar by an orc priest

Illustrated notes

Levels and vault maps discovered:
D:1:      saegor_arrival_simple_d, layout_rooms,
          dreamdust_ecumenical_altar_drowned_temple
D:2:      layout_basic, kennysheep_generic_room_14
D:3:      layout_loops_ring, gammafunk_temple_overflow_elements,
          gup_sewer_entry_bubbles, uniq_natasha, uniq_crazy_yiuf_cottage
D:4:      layout_gridville, minmay_temple_entry_junction, serial_shops, shop,
          kennysheep_nub, uniq_eustachio, uniq_edmund, uniq_ijyb
D:5:      layout_loops_ring, kennysheep_mini, corexii_leaking_fountain

Skill      XL: |  1  2  3  4  5  6  7  8  9 |
---------------+----------------------------+-----
Dodging        | 1 2 3 |  3.3
Invocations    | 1 2 3 4 5 6 |  6.2
Fighting       | 4 5 |  5.4
Armour         | 4 5 |  5.5
Axes           | 3 4 |  4.3
Shields        | 5 6 |  6.7
Evocations     | 2 3 |  3.2

Action                   |  1- 3 |  4- 6 |  7- 9 || total
-------------------------+-------+-------+-------++-------
Melee: War axe           |    79 |   118 |   277 ||   474
  Use: Potion            |     2 |     4 |     1 ||     7
       Scroll            |     2 |     2 |     6 ||    10
Armor: Scale mail        |    45 |    69 |   141 ||   255
Dodge: Dodged            |    41 |    65 |   105 ||   211
       Repelled          |       |       |     1 ||     1
Block: Buckler           |    14 |    62 |   179 ||   255

Table legend: (Time is in decaauts)
 A = Elapsed time spent in this place.
 B = Non-inter-level travel time spent in this place.
 C = Inter-level travel time spent in this place.
 D = Time resting spent in this place.
 E = Time spent auto-exploring this place.
 F = Levels seen in this place.
 G = Mean time per level.
                   A        B        C        D        E       F      G
               +--------+--------+--------+--------+--------+-----+--------+
         Total |   3944 |   3873 |     71 |      0 |   2481 |   6 |  657.3 |
       Dungeon |   3617 |   3546 |     71 |      0 |   2465 |   5 |  723.4 |
         Sewer |    326 |    326 |      0 |      0 |     16 |   1 |  326.0 |
               +--------+--------+--------+--------+--------+-----+--------+

Top non-repeatable levels by time:
     D:4: 1140 daAuts
     D:3: 921 daAuts
     D:2: 633 daAuts
     D:1: 514 daAuts
     D:5: 408 daAuts
   Sewer: 326 daAuts
